 Dungeon Crawl Stone Soup version 0.30.0-29-ga12c61a403 (webtiles) character file.

Game seed: 12532285987470700366

362 qw the Chopper (level 6, 0/38 HPs)
             Began as a Gargoyle Fighter on June 4, 2023.
             Slain by a goblin
             ... wielding a +2 dagger of distortion
             ... led by Robin
              (6 damage)
             ... on level 4 of the Dungeon.
             The game lasted 00:01:07 (2724 turns).

qw the Chopper (Gargoyle Fighter)                   Turns: 2724, Time: 00:01:07

Health: 0/38       AC: 13    Str: 28    XL:     6   Next: 66%
Magic:  6/6        EV:  8    Int:  8    God:
Gold:   124        SH:  4    Dex:  9    Spells: 5/5 levels left

rFire   . . .        Y - +1 war axe
rCold   . . .        c - +0 buckler
rNeg    + . .        l - +0 chain mail
rPois   inf          (no helmet)
rElec   +            (no cloak)
rCorr   .            (no gloves)
SInv    .            (no boots)
Will    .....        b - amulet of the acrobat Stlth
                     i - +6 ring of strength
HPRegen 0.26/turn    (no ring)
MPRegen 0.10/turn

%: acrobat
@: no status effects
A: sickness immunity, AC +4, negative energy resistance 1, electricity
resistance, torment resistance 1, petrification resistance
a: no special abilities


You were on level 4 of the Dungeon.
You visited 1 branch of the dungeon, and saw 4 of its levels.

You collected 166 gold pieces.
You spent 42 gold pieces at shops.


Innate Abilities, Weirdness & Mutations

You are immune to sickness and miasma.
Your stone body is resilient. (AC +4)
You are immune to poison.
You resist negative energy. (rN+)
You are resistant to electric shocks. (rElec)
You are resistant to unholy torment.
You are immune to petrification.


   Skills:
 - Level 4.1 Fighting
 + Level 5.7 Axes
 - Level 1.0 Throwing
 - Level 3.2 Armour
 - Level 3.2 Shields


You had 5 spell levels left.
You didn't know any spells.
Your spell library was empty.

Inventory:

Hand Weapons
 g - a +0 morningstar
 Y - a +1 war axe (weapon)
Missiles
 k - 3 boomerangs
 q - 2 javelins (quivered)
Armour
 c - a +0 buckler (worn)
 l - a +0 chain mail (worn)
Jewellery
 b - an amulet of the acrobat (around neck)
 i - a +6 ring of strength (left hand)
Scrolls
 j - a scroll of identify
 p - a scroll of blinking {unknown}
Potions
 a - 2 potions of heal wounds {unknown}
 d - 2 potions of might
 e - a potion of curing {unknown}
 f - a potion of brilliance {unknown}
 h - a potion of haste {unknown}
 m - a potion of degeneration {unknown}
 n - a potion of magic {unknown}
 o - a potion of lignification

Dungeon Overview and Level Annotations

Branches:
Dungeon (4/15)
 Temple: D:4-7

Altars:

Shops:
D:3 (

Annotations:
D:4 Robin


Message History

Enter note:
Enter note:
Enter note:
Enter note:
Enter note:
Enter note:
Enter note:
Enter note:
Found a stone staircase leading up.
Robin says, "Duck!"
Robin throws the goblin at you! The goblin misses you.
The goblin unwields a +0 dagger.
The goblin wields a +0 sling.
The goblin shoots a sling bullet.
The sling bullet closely misses you.
The sling bullet closely misses the goblin.
The goblin hits you but does no damage.
Enter note:
Enter note:
Enter note:
Enter note:
Enter note:
Enter note:
Enter note:
Enter note:
Enter note:
Enter note:
Enter note:
Enter note: You closely miss the goblin.
You barely miss the goblin. You closely miss the goblin.
The goblin hits you but does no damage. Robin throws the goblin at you!
The goblin hits you with a +2 dagger of distortion.
Space warps horribly around you!!
Ouch! That really hurt!
The goblin unwields a +0 club.
The goblin wields a +0 sling.
The goblin shoots a sling bullet.
The sling bullet barely misses you. The goblin closely misses you.
The goblin hits you but does no damage. You block the goblin's attack.
The goblin barely misses you. You block the goblin's attack.
The goblin hits you with a +0 club.
The goblin hits you with a +2 dagger of distortion.
You die...

......(....
.....#####..... ##.
###..# ##....## ##... #
##.## ##......###.....
##..###...............
##...............g.....
##................gg....
.......######..ggg..##..
.......# #..g@gg.g...
...##..## #....g.....#
#..##...#####..........#
#..##.....##...........<
#..#..........#......(..
#.............#......###
#.............#......#
#..........)........##
##..........#.......#


You could see Robin, a hobgoblin (strong) and 9 goblins.

Vanquished Creatures
  A black bear (D:4)
  A phantom (D:4)
  A scorpion (D:4)
  An orc priest (D:4)
  Ijyb (D:3)
  2 worms
  A dart slug (D:3)
  10 orcs
  3 ball pythons
  8 endoplasms
  2 giant cockroaches
  7 goblins
  8 hobgoblins
  2 jackals (D:2)
  2 kobolds (D:3)
  3 quokkas
  3 bats
  A frilled lizard (D:1)
  5 rats
62 creatures vanquished.

Vanquished Creatures (others)
  A goblin (D:4)
1 creature vanquished.

Grand Total: 63 creatures vanquished

Notes
Turn   | Place    | Note
-------+----------+-------------------------------------------
     0 | D:1      | qw the Gargoyle Fighter began the quest for the Orb.
     0 | D:1      | Reached XP level 1. HP: 14/14 MP: 1/1
     0 | D:1      | 0 ||| qw: Version: 0.2-a-107-g8a026e3
     0 | D:1      | 0 ||| qw: Game counter: 1171
     0 | D:1      | 0 ||| qw: Always use a shield: true
     0 | D:1      | 0 ||| qw: God list: Okawaru
     0 | D:1      | 0 ||| qw: Allow faded altars: false
     0 | D:1      | 0 ||| qw: Do Orc after D:15 true
     0 | D:1      | 0 ||| qw: Do second Lair branch before Depths: true
     0 | D:1      | 0 ||| qw: Lair rune preference: random
     0 | D:1      | 0 ||| qw: Plans: Normal, Zot:1-4, Slime:5, God:TSO, Crypt,
                  | Tomb, Abyss, Pan, Hells, Win
     0 | D:1      | 0 ||| PLANNING D:1-11
    76 | D:1      | Reached skill level 2 in Axes
   234 | D:1      | Reached XP level 2. HP: 19/19 MP: 2/2
   351 | D:1      | Found a faded altar of an unknown god.
   687 | D:1      | Reached skill level 3 in Axes
   869 | D:1      | 869 ||| UPGRADING to +0 chain mail.
   879 | D:1      | 879 ||| DROPPING +0 scale mail.
   880 | D:1      | 880 ||| READING scroll labelled FAITEAKYNG.
   881 | D:1      | 881 ||| READING scroll labelled SILUNADOEHU.
   882 | D:1      | 882 ||| READING scroll labelled SINKIV GEKHLUY.
   883 | D:1      | 883 ||| READING scroll labelled WIRETU CAID.
   884 | D:1      | 884 ||| READING scroll labelled KOTIEF VEGEWK.
   931 | D:2      | Reached XP level 3. HP: 23/23 MP: 3/3
  1068 | D:2      | Reached skill level 1 in Throwing
  1422 | D:2      | 1422 ||| UPGRADING to amulet of the acrobat.
  1427 | D:2      | 1427 ||| UPGRADING to +6 ring of strength.
  1428 | D:2      | 1428 ||| READING 2 scrolls labelled GAN MAG XUF.
  1429 | D:2      | 1429 ||| READING scroll labelled QAQUCSU BAUFRE.
  1430 | D:2      | 1430 ||| DROPPING scroll of poison.
  1484 | D:3      | Found Xiow's Weapon Emporium.
  1493 | D:3      | 1493 ||| BUYING +0 mace (42 gold).
  1493 | D:3      | Bought a +0 mace for 42 gold pieces
  1493 | D:3      | 1493 ||| DROPPING +0 club.
  1865 | D:3      | Reached XP level 4. HP: 28/28 MP: 4/4
  1867 | D:3      | 1867 ||| DROPPING +0 mace.
  1873 | D:3      | 1873 ||| Stepping ~*~*~tactically~*~*~ (stealth).
  1874 | D:3      | Noticed Ijyb
  1875 | D:3      | 1875 ||| Stepping ~*~*~tactically~*~*~ (stealth).
  1877 | D:3      | 1877 ||| Stepping ~*~*~tactically~*~*~ (hiding).
  1891 | D:3      | Killed Ijyb
  1892 | D:3      | Reached skill level 4 in Axes
  1985 | D:3      | 1985 ||| Stepping ~*~*~tactically~*~*~ (stealth).
  1989 | D:3      | Identified the +4 executioner's axe of the Common Good
                  | {freeze, *Slow rCorr Int+2}
  2101 | D:3      | 2101 ||| Stepping ~*~*~tactically~*~*~ (stealth).
  2102 | D:3      | 2102 ||| Stepping ~*~*~tactically~*~*~ (stealth).
  2103 | D:3      | 2103 ||| Stepping ~*~*~tactically~*~*~ (stealth).
  2202 | D:3      | 2202 ||| DRINKING 2 fuming white potions.
  2286 | D:4      | Reached XP level 5. HP: 32/32 MP: 5/5
  2310 | D:4      | Noticed a black bear
  2313 | D:4      | 2313 ||| Stepping ~*~*~tactically~*~*~ (stealth).
  2320 | D:4      | Killed a black bear
  2321 | D:4      | Reached skill level 5 in Axes
  2329 | D:4      | Reached XP level 6. HP: 36/38 MP: 6/6
  2592 | D:4      | 2592 ||| Stepping ~*~*~tactically~*~*~ (stealth).
  2593 | D:4      | 2593 ||| Stepping ~*~*~tactically~*~*~ (stealth).
  2599 | D:4      | 2599 ||| Stepping ~*~*~tactically~*~*~ (hiding).
  2602 | D:4      | 2602 ||| Stepping ~*~*~tactically~*~*~ (hiding).
  2603 | D:4      | 2603 ||| Stepping ~*~*~tactically~*~*~ (hiding).
  2604 | D:4      | 2604 ||| Stepping ~*~*~tactically~*~*~ (hiding).
  2605 | D:4      | 2605 ||| Stepping ~*~*~tactically~*~*~ (hiding).
  2606 | D:4      | 2606 ||| Stepping ~*~*~tactically~*~*~ (hiding).
  2607 | D:4      | 2607 ||| Stepping ~*~*~tactically~*~*~ (hiding).
  2608 | D:4      | 2608 ||| Stepping ~*~*~tactically~*~*~ (hiding).
  2720 | D:4      | Noticed Robin
  2724 | D:4      | HP: 6/38 [goblin/+0 club[Robin] (6)]
  2724 | D:4      | Slain by a goblin

Levels and vault maps discovered:
D:1:      onia_arrival_mini_spirals, layout_loops_ring,
          hellmonk_ecumenical_altar_zigzags
D:2:      layout_basic
D:3:      layout_basic, serial_shops, nicolae_diamond_shop, uniq_ijyb
D:4:      corexii_shack_village, layout_layer_cave, uniq_robin, uniq_menkaure,
          uniq_crazy_yiuf_cottage, uniq_natasha, uniq_grinder

Skill      XL: |  1  2  3  4  5 |
---------------+----------------+-----
Axes           | 2 3 4 5 |  5.7
Throwing       | 1 |  1.0
Fighting       | 4 |  4.1
Armour         | |  3.2
Shields        | |  3.2

Action                     |  1- 3 |  4- 6 || total
---------------------------+-------+-------++-------
  Melee: War axe           |    73 |    53 ||   126
  Throw: Javelin           |    46 |    14 ||    60
         Boomerang         |       |     3 ||     3
    Use: Scroll            |     7 |       ||     7
         Potion            |       |     1 ||     1
 Armour: Scale mail        |    18 |       ||    18
         Chain mail        |    21 |    30 ||    51
  Dodge: Dodged            |    30 |    27 ||    57
  Block: Buckler           |     5 |     9 ||    14

Table legend:
 A = Non-vault XP
 B = Vault XP
 C = Vault XP percentage of total XP
 D = Non-vault monster count
 E = Vault monster count
 F = Vault count percentage of total count
                 A         B        C        D         E       F
            +---------+---------+-------+---------+---------+-------
      Total |     474 |      44 |   8.5 |      57 |       5 |   8.1
            +---------+---------+-------+---------+---------+-------
        D:1 |      32 |       0 |   0.0 |      18 |       0 |   0.0
        D:2 |      33 |       0 |   0.0 |      17 |       0 |   0.0
        D:3 |      35 |      35 |  50.0 |      13 |       1 |   7.1
        D:4 |     374 |       9 |   2.3 |       9 |       4 |  30.8
            +---------+---------+-------+---------+---------+-------
